 Dungeon Crawl Stone Soup version 0.20.1-1-g8b1a95d (webtiles) character file.

647 Linguinho the Chopper (level 7, -2/54 HPs)
             Began as a Demonspawn Fighter on Nov 12, 2017.
             Slain by Pikel
             ... wielding a +0 whip of freezing
              (7 damage)
             ... on level 3 of the Dungeon.
             The game lasted 00:06:45 (3320 turns).

Linguinho the Chopper (Demonspawn Fighter)          Turns: 3320, Time: 00:06:46

Health: -2/54      AC:  2    Str: 18    XL:     7   Next: 27%
Magic:  6/6        EV: 10    Int:  9    God:
Gold:   167        SH:  9    Dex: 15    Spells: 6/6 levels left

rFire    . . .     SeeInvis .   x - +2 short sword (venom)
rCold    + . .     Gourm    .   c - +0 shield
rNeg     . . .     Faith    .   z - +0 robe
rPois    .         Spirit   .   (helmet restricted)
rElec    .         Reflect  .   (no cloak)
rCorr    .         Harm     .   (no gloves)
MR       .....     Clarity  +   (no boots)
Stlth    ++........             (no amulet)
Regen    0.2/turn               (no ring)
MPRegen  0.1/turn               (no ring)

@: flying (expiring)
A: hooves 1, horns 1, agile 1, clarity, cold resistance 1, low mp 1,
nightstalker 1
a: no special abilities


You were on level 3 of the Dungeon.
You were not hungry.

You visited 1 branch of the dungeon, and saw 4 of its levels.
You also visited: Sewer.

You collected 167 gold pieces.

Inventory:

Hand Weapons
 a - a +0 war axe
 l - a cursed -1 dagger
 x - a +2 short sword of venom (weapon)
Armour
 b - a +0 scale mail
 c - a +0 shield (worn)
 z - a +0 robe (worn)
Jewellery
 t - an uncursed ring of protection from fire {unknown}
 w - a +4 ring of dexterity {unknown}
 A - an uncursed ring of stealth {unknown}
Scrolls
 i - a scroll of enchant armour {unknown}
 k - a scroll of fear {unknown}
 m - a scroll of immolation {unknown}
 n - 2 scrolls of amnesia {unknown}
 p - 5 scrolls of identify {unknown}
 r - 2 scrolls of remove curse
 s - a scroll of magic mapping {unknown}
 u - a scroll of fog {unknown}
 v - a scroll of recharging {unknown}
 y - a scroll of teleportation {unknown}
 B - a scroll of enchant weapon {unknown}
Potions
 d - 3 potions of curing
 e - a potion of haste {unknown}
 h - 2 potions of heal wounds {unknown}
 o - 4 potions of flight
 q - 2 potions of agility {unknown}
Comestibles
 f - 3 bread rations
 g - 2 royal jellies
 j - 3 fruits
 C - a meat ration


   Skills:
 + Level 4.1 Fighting
 - Level 5.2 Axes
 - Level 4.0 Armour
 + Level 1.3 Dodging
 + Level 4.0 Shields


You had 6 spell levels left.
You didn't know any spells.

Dungeon Overview and Level Annotations

Branches:
Dungeon (4/15)
 Temple: D:4-7

Altars:

Annotations:
D:3 Pikel


Innate Abilities, Weirdness & Mutations

You have large cloven feet.
Your flesh is cold resistant. (rC+)
You are slightly more attuned to the shadows.
You have a pair of small horns on your head.
You are agile. (Dex +2)
You possess an exceptional clarity of mind.
Your magical capacity is low. (-10% MP)


Message History

* * * LOW HITPOINT WARNING * * *
You are starting to lose your buoyancy.
There is a stone staircase leading up here.
You block the slave's attack. x2; Pikel hits you with a whip of freezing.
* * * LOW HITPOINT WARNING * * *
You fly upwards.
There is a stone staircase leading down here.
You feel better. You block the slave's attack. The slave barely misses you.
Pikel barely misses you.
You completely miss Pikel. Your kick misses Pikel.
Pikel is heavily wounded.
The slave closely misses you. The slave hits you!
* * * LOW HITPOINT WARNING * * *
Pikel hits you with a whip of freezing.
* * * LOW HITPOINT WARNING * * *
You hit Pikel but do no damage.
Pikel looks as sick as possible!
Pikel is severely wounded.
The slave barely misses you. The slave closely misses you.
Pikel hits you with a whip of freezing!
You die...

#####
#################...#
....................#
........#########...#
...(....# #...#
........# #.###
........#########K#
........'.......@p#
........#.####.p#.#
........#.## #..#'###
........#..###......#
#.########..........#
#.# #..........#
#.########......#.###
#.#.....##......#.#
#.#.....###..#..#.#


You could see Pikel and 2 slaves.

Vanquished Creatures
  Grinder (Sewer)
  A big kobold (Sewer)
  A quasit (Sewer)
  An orc wizard (D:3)
  4 big kobold zombies (Sewer)
  A river rat (D:3)
  6 adders
  4 shadow imps (Sewer)
  2 ufetubi (Sewer)
  3 oozes
  2 worms
  4 dart slugs
  2 leopard geckos (D:3)
  6 orcs (D:3)
  A ball python (D:1)
  5 bats
  A bat zombie (Sewer)
  9 giant cockroaches
  14 goblins
  10 hobgoblins
  17 kobolds
  A quokka (D:3)
  4 frilled lizards
  A jackal skeleton (D:3)
  A kobold zombie (Sewer)
  11 rats
113 creatures vanquished.

Notes
Turn   | Place    | Note
-------+----------+-------------------------------------------
     0 | D:1      | Linguinho the Demonspawn Fighter began the quest for the Orb.
     0 | D:1      | Reached XP level 1. HP: 18/18 MP: 1/1
   102 | D:1      | Gained mutation: You have large cloven feet. [demonic ancestry]
   102 | D:1      | Reached XP level 2. HP: 15/24 MP: 2/2
   127 | D:1      | Reached skill level 2 in Axes
   348 | D:1      | Gained mutation: Your flesh is cold resistant. (rC+) [demonic ancestry]
   348 | D:1      | Reached XP level 3. HP: 20/29 MP: 3/3
  1400 | D:2      | Reached XP level 4. HP: 35/35 MP: 4/4
  1608 | D:3      | Reached skill level 3 in Axes
  1842 | D:3      | Reached XP level 5. HP: 22/41 MP: 5/5
  1862 | D:3      | Gained mutation: You have a pair of small horns on your head. [potion of mutation]
  1862 | D:3      | Gained mutation: You are agile. (Dex +2) [potion of mutation]
  1862 | D:3      | Gained mutation: Your magical capacity is low. (-10% MP) [potion of mutation]
  1862 | D:3      | Gained mutation: You possess an exceptional clarity of mind. [potion of mutation]
  1878 | D:3      | Found a glowing drain.
  1889 | Sewer    | Entered a sewer
  2276 | Sewer    | Found a burning altar of Makhleb.
  2285 | Sewer    | Gained mutation: You are slightly more attuned to the shadows. [demonic ancestry]
  2285 | Sewer    | Reached XP level 6. HP: 30/48 MP: 5/5
  2299 | Sewer    | Noticed Grinder
  2308 | Sewer    | Killed Grinder
  2308 | Sewer    | Reached skill level 4 in Axes
  2308 | Sewer    | Reached skill level 1 in Dodging
  2348 | Sewer    | Reached XP level 7. HP: 13/54 MP: 6/6
  2352 | Sewer    | Reached skill level 5 in Axes
  3301 | D:4      | Noticed Pikel
  3320 | D:3      | Slain by Pikel

Skill      XL: |  1  2  3  4  5  6  7 |
---------------+----------------------+-----
Axes           | 2 3 4 5 |  5.2
Shields        | 3 4 |  4.0
Armour         | 3 4 |  4.0
Fighting       | 4 |  4.1
Dodging        | 1 |  1.3

Action                   |  1- 3 |  4- 6 |  7- 9 || total
-------------------------+-------+-------+-------++-------
Melee: War axe           |   108 |   140 |    28 ||   276
       Kick              |    16 |    26 |    14 ||    56
       Headbutt          |       |    13 |     9 ||    22
       Short sword       |       |       |    19 ||    19
  Use: Scroll            |       |     1 |       ||     1
       Potion            |       |     5 |     2 ||     7
 Stab: Sleeping          |       |       |     3 ||     3
  Eat: Chunk             |     1 |     4 |     3 ||     8
Armor: Scale mail        |    59 |    74 |    13 ||   146
       Robe              |       |       |     2 ||     2
Dodge: Dodged            |    30 |    51 |    29 ||   110
Block: Shield            |    60 |    77 |    38 ||   175
